 Dungeon Crawl Stone Soup version 0.30.0-20-g3615ddf2f0 (webtiles) character file.

Game seed: 13732977537504855330

134 qw the Chopper (level 5, -3/32 HPs)
             Began as a Gargoyle Fighter on May 29, 2023.
             Killed from afar by an orc wizard (9 damage)
             ... with a magic dart
             ... on level 3 of the Dungeon.
             The game lasted 00:01:30 (2785 turns).

qw the Chopper (Gargoyle Fighter)                   Turns: 2785, Time: 00:01:30

Health: -3/32      AC: 12    Str: 21    XL:     5   Next: 17%
Magic:  5/5        EV:  9    Int:  9    God:
Gold:   124        SH:  0    Dex:  9    Spells: 4/4 levels left

rFire   . . .        Y - +0 war axe
rCold   . . .        c - +0 buckler
rNeg    + . .        b - +0 scale mail
rPois   inf          (no helmet)
rElec   +            (no cloak)
rCorr   .            (no gloves)
SInv    .            j - +0 pair of boots
Will    .....        (no amulet) Stlth
                     (no ring)
HPRegen 0.25/turn    (no ring)
MPRegen 0.09/turn

%: no passive effects
@: confused
A: sickness immunity, AC +4, negative energy resistance 1, electricity
resistance, torment resistance 1, petrification resistance
a: no special abilities


You were on level 3 of the Dungeon.
You visited 1 branch of the dungeon, and saw 3 of its levels.

You collected 124 gold pieces.


Innate Abilities, Weirdness & Mutations

You are immune to sickness and miasma.
Your stone body is resilient. (AC +4)
You are immune to poison.
You resist negative energy. (rN+)
You are resistant to electric shocks. (rElec)
You are resistant to unholy torment.
You are immune to petrification.


   Skills:
 - Level 3.2 Fighting
 + Level 4.5 Axes
 - Level 1.0 Throwing
 - Level 3.2 Armour
 - Level 3.2 Shields


You had 4 spell levels left.
You didn't know any spells.
Your spell library was empty.

Inventory:

Hand Weapons
 k - a +0 whip
 Y - a +0 war axe (weapon)
Armour
 b - a +0 scale mail (worn)
 c - a +0 buckler (worn)
 h - a +2 leather armour of cold resistance
 j - a +0 pair of boots (worn)
 m - a +0 kite shield
 o - a +0 helmet
Jewellery
 a - an amulet of guardian spirit
Scrolls
 i - a scroll of vulnerability {unknown}
 n - 2 scrolls of identify
Potions
 d - a potion of might
 e - a potion of flight {unknown}
 f - a potion of curing {unknown}
 g - a potion of heal wounds {unknown}
 l - a potion of degeneration {unknown}

Dungeon Overview and Level Annotations

Branches:
Dungeon (3/15)

Altars:
Elyvilon
Sif Muna
Yredelemnul
The Shining One

Shops:
D:3 (

Annotations:
D:3 exclusion: 2 orc wizards


Message History

You continue putting on your +0 buckler. x3
You finish putting on your +0 buckler.
Autopickup is now on.
2771 ||| UPGRADING to +0 kite shield.
A magic dart appears from out of thin air!
Deactivating autopickup; reactivate with Ctrl-A.
You stop removing your armour.
The magic dart hits you but does no damage.
Autopickup is now on.
2772 ||| UPGRADING to +0 kite shield.
Deactivating autopickup; reactivate with Ctrl-A.
You stop removing your armour.
You are confused.
Autopickup is now on.
Deactivating autopickup; reactivate with Ctrl-A.
You are more confused.
Autopickup is now on.
A puff of flame appears from out of thin air!
Deactivating autopickup; reactivate with Ctrl-A.
The puff of flame hits you!
Autopickup is now on.
Deactivating autopickup; reactivate with Ctrl-A.
You are more confused. x2
Autopickup is now on.
A puff of flame appears from out of thin air!
Deactivating autopickup; reactivate with Ctrl-A.
The puff of flame hits you but does no damage.
Autopickup is now on.
A magic dart appears from out of thin air!
Deactivating autopickup; reactivate with Ctrl-A.
The magic dart hits you.
Autopickup is now on.
A magic dart appears from out of thin air!
Deactivating autopickup; reactivate with Ctrl-A.
The magic dart hits you.
Autopickup is now on.
A magic dart appears from out of thin air!
Deactivating autopickup; reactivate with Ctrl-A.
The magic dart hits you!
You die...

#.#.........#
#.#########.####
#.# ............
###.# #######.####
#)..# #.......#
##.### #.#######
##...## #...######
#.._..# #.#.......
#.8@8.# #.########
###'### #.# #...
... #.# #.#. #...#
#.# #.#. #~~~#
#.#####.#. #{{.#
#.......#.
###################
#................
#########........


There were no monsters in sight!

Vanquished Creatures
  An orc wizard (D:3)
  2 adders
  2 worms (D:2)
  2 dart slugs
  5 orcs (D:3)
  6 bats
  8 endoplasms
  A giant cockroach (D:1)
  6 goblins
  7 hobgoblins
  3 jackals (D:2)
  3 quokkas
  7 ball pythons
  5 frilled lizards
  7 kobolds
  5 rats
70 creatures vanquished.

Notes
Turn   | Place    | Note
-------+----------+-------------------------------------------
     0 | D:1      | qw the Gargoyle Fighter began the quest for the Orb.
     0 | D:1      | Reached XP level 1. HP: 14/14 MP: 1/1
     0 | D:1      | 0 ||| qw: Version: 0.2-a-102-g2b76a06
     0 | D:1      | 0 ||| qw: Game counter: 455
     0 | D:1      | 0 ||| qw: Always use a shield: true
     0 | D:1      | 0 ||| qw: God list: Okawaru
     0 | D:1      | 0 ||| qw: Allow faded altars: false
     0 | D:1      | 0 ||| qw: Do Orc after D:15 true
     0 | D:1      | 0 ||| qw: Do second Lair branch before Depths: true
     0 | D:1      | 0 ||| qw: Lair rune preference: random
     0 | D:1      | 0 ||| qw: Plans: Normal, Zot:1-4, Slime:5, God:TSO, Crypt,
                  | Tomb, Pan, Hells, Abyss, Win
     0 | D:1      | 0 ||| PLANNING D:1-11
    32 | D:1      | Reached skill level 2 in Axes
   117 | D:1      | Reached XP level 2. HP: 19/19 MP: 2/2
   121 | D:1      | 121 ||| Stepping ~*~*~tactically~*~*~ (hiding).
   244 | D:1      | 244 ||| DROPPING +0 club.
   257 | D:1      | 257 ||| Stepping ~*~*~tactically~*~*~ (stealth).
   291 | D:1      | 291 ||| Stepping ~*~*~tactically~*~*~ (stealth).
   392 | D:1      | Reached skill level 3 in Axes
   549 | D:1      | Reached XP level 3. HP: 21/23 MP: 3/3
  1041 | D:1      | 1041 ||| UPGRADING to +0 pair of boots.
  1046 | D:1      | 1046 ||| READING scroll labelled JUFAEC REURRA.
  1047 | D:1      | 1047 ||| READING scroll labelled VYD VINUPS.
  1228 | D:2      | 1228 ||| Stepping ~*~*~tactically~*~*~ (hiding).
  1346 | D:2      | Reached skill level 1 in Throwing
  1409 | D:2      | Reached XP level 4. HP: 28/28 MP: 4/4
  1589 | D:2      | 1589 ||| Stepping ~*~*~tactically~*~*~ (stealth).
  1786 | D:2      | 1786 ||| READING scroll labelled CIHITHRI REBRESCH.
  1787 | D:2      | 1787 ||| READING scroll labelled KOROEH NYIRR.
  1788 | D:2      | 1788 ||| READING scroll labelled KER AVEM QES.
  1913 | D:3      | Reached skill level 4 in Axes
  1924 | D:3      | Found a basalt altar of Yredelemnul.
  2094 | D:3      | Found a glowing golden altar of the Shining One.
  2133 | D:3      | Found Beupsuca's Weapon Boutique.
  2136 | D:3      | 2136 ||| SHOPLISTING +2 flail of protection (226 gold, have
                  | 98).
  2188 | D:3      | 2188 ||| FLEEEEING.
  2189 | D:3      | 2189 ||| FLEEEEING.
  2192 | D:3      | 2192 ||| FLEEEEING.
  2193 | D:3      | 2193 ||| FLEEEEING.
  2194 | D:3      | 2194 ||| FLEEEEING.
  2195 | D:3      | 2195 ||| FLEEEEING.
  2196 | D:3      | 2196 ||| FLEEEEING.
  2198 | D:3      | 2198 ||| FLEEEEING.
  2199 | D:3      | 2199 ||| FLEEEEING.
  2203 | D:3      | 2203 ||| FLEEEEING.
  2204 | D:3      | 2204 ||| FLEEEEING.
  2208 | D:3      | 2208 ||| FLEEEEING.
  2209 | D:3      | 2209 ||| FLEEEEING.
  2210 | D:3      | 2210 ||| FLEEEEING.
  2211 | D:3      | 2211 ||| FLEEEEING.
  2212 | D:3      | 2212 ||| FLEEEEING.
  2213 | D:3      | 2213 ||| FLEEEEING.
  2214 | D:3      | 2214 ||| FLEEEEING.
  2215 | D:3      | 2215 ||| FLEEEEING.
  2216 | D:3      | 2216 ||| FLEEEEING.
  2238 | D:3      | Reached XP level 5. HP: 15/32 MP: 5/5
  2382 | D:3      | Found a faded altar of an unknown god.
  2387 | D:3      | Found a white marble altar of Elyvilon.
  2740 | D:3      | Found a shimmering blue altar of Sif Muna.
  2747 | D:3      | 2747 ||| UPGRADING to +0 kite shield.
  2753 | D:3      | 2753 ||| UPGRADING to +0 kite shield.
  2754 | D:3      | 2754 ||| UPGRADING to +0 kite shield.
  2757 | D:3      | 2757 ||| UPGRADING to +0 kite shield.
  2758 | D:3      | 2758 ||| UPGRADING to +0 kite shield.
  2759 | D:3      | 2759 ||| UPGRADING to +0 kite shield.
  2761 | D:3      | 2761 ||| UPGRADING to +0 kite shield.
  2766 | D:3      | 2766 ||| UPGRADING to +0 buckler.
  2771 | D:3      | 2771 ||| UPGRADING to +0 kite shield.
  2772 | D:3      | 2772 ||| UPGRADING to +0 kite shield.
  2777 | D:3      | HP: 8/32 [something/puff of flame (8)]
  2782 | D:3      | HP: 5/32 [something/magic dart (1)]
  2785 | D:3      | Killed from afar by an orc wizard

Levels and vault maps discovered:
D:1:      kennysheep_arrival_forest, layout_basic
D:2:      layout_loops_ring
D:3:      layout_basic, mainiacjoe_overflow_small_starburst,
          nicolae_overflow_crystal_walls, led_sif_book,
          nicolae_overflow_ecumenical_swirl, serial_shops, shop

Skill      XL: |  1  2  3  4 |
---------------+-------------+-----
Axes           | 2 3 4 |  4.5
Throwing       | 1 |  1.0
Fighting       | |  3.2
Armour         | |  3.2
Shields        | |  3.2

Action                     |  1- 3 |  4- 6 || total
---------------------------+-------+-------++-------
  Melee: War axe           |   112 |    86 ||   198
  Throw: Javelin           |    11 |    26 ||    37
    Use: Scroll            |     2 |     3 ||     5
 Armour: Scale mail        |    54 |    65 ||   119
  Dodge: Dodged            |    45 |    34 ||    79
  Block: Buckler           |    21 |     7 ||    28

Table legend:
 A = Non-vault XP
 B = Vault XP
 C = Vault XP percentage of total XP
 D = Non-vault monster count
 E = Vault monster count
 F = Vault count percentage of total count
                 A         B        C        D         E       F
            +---------+---------+-------+---------+---------+-------
      Total |     192 |       0 |   0.0 |      70 |       0 |   0.0
            +---------+---------+-------+---------+---------+-------
        D:1 |      47 |       0 |   0.0 |      27 |       0 |   0.0
        D:2 |      54 |       0 |   0.0 |      21 |       0 |   0.0
        D:3 |      91 |       0 |   0.0 |      22 |       0 |   0.0
            +---------+---------+-------+---------+---------+-------
